 Dungeon Crawl Stone Soup version 0.17.0-28-g6e173f8 (webtiles) character file.

67970 ventricule the Impaler (level 14, 0/153 HPs)
             Began as a Demonspawn Summoner on Nov 30, 2015.
             Was the Champion of Sif Muna.
             Slain by an entropy weaver (12 damage)
             ... on level 1 of the Spider Nest.
             The game lasted 02:09:27 (34683 turns).

ventricule the Impaler (Demonspawn Summoner)       Turns: 34683, Time: 02:09:33

Health: 0/153      AC: -1    Str: 11      XL:     14   Next: 84%
Magic:  15/25      EV:  2    Int: 17 (20) God:    Sif Muna [******]
Gold:   857        SH:  6    Dex: 20      Spells: 8 memorised, 6 levels left

rFire  . . .     SeeInvis .     b - +3 halberd (freeze)
rCold  + . .     Clarity  .     (armour currently unavailable)
rNeg   + + +     SustAt   .     (shield currently unavailable)
rPois  +         Gourm    .     (helmet unavailable)
rElec  .         Spirit   .     (cloak currently unavailable)
rCorr  .         Warding  +     (gloves currently unavailable)
rMut   .         NoTele   +     (boots currently unavailable)
MR     +....                    X - amulet of Creativity {Ward *Corrode rC+ rN+ Int+3 Dex+4, !a}
Stlth  +++.......               s - ring of the Jester {Wiz rPois rN++}
                                i - +2 ring of slaying

@: lethally poisoned (0 -> -11), tree-form (expiring), icy shield, corroded
equipment, somewhat resistant to hostile enchantments, fairly stealthy
A: (horns 0), rugged brown scales 2, (spiny 0)
a: Channel Energy, Forget Spell, Renounce Religion


You were on level 1 of the Spider Nest.
You worshipped Sif Muna.
Sif Muna was exalted by your worship.
You were not hungry.
You were a tree.
You visited 4 branches of the dungeon, and saw 22 of its levels.
You also visited: Ice Cave.

You collected 1556 gold pieces.
You spent 699 gold pieces at shops.


Innate Abilities, Weirdness & Mutations

((You have a pair of large horns on your head.))
(You are mostly covered in rugged brown scales (AC +2, +5% HP).)
((You are mostly covered in sharp spines.))


   Skills:
 - Level 5.6 Fighting
 - Level 16.0 Polearms
 - Level 4.4 Slings
 + Level 2.4 Armour
 - Level 5.5 Dodging
 - Level 1.9 Stealth
 + Level 7.9 Spellcasting
 + Level 2.0 Hexes
 + Level 10.1 Summonings
 + Level 7.1 Ice Magic
 + Level 5.6 Air Magic
 - Level 6.5 Invocations


You had 6 spell levels left.
You knew the following spells:

 Your Spells              Type           Power        Failure   Level  Hunger
c - Call Canine Familiar  Summ           #####...     1%          3    #......
v - Summon Ice Beast      Ice/Summ       #####...     1%          4    ###....
x - Call Imp              Summ           #####...     1%          2    None
z - Summon Small Mammal   Summ           ####         1%          1    None
A - Condensation Shield   Ice            ####......   3%          4    ###....
R - Summon Butterflies    Summ           #####...     1%          1    None
X - Summon Guardian Gole  Hex/Summ       ####....     1%          3    #......
Z - Summon Lightning Spi  Summ/Air       ####....     2%          4    ###....

Inventory:

Hand Weapons
 a - a +2 hunting sling of evasion
 b - a +3 halberd of freezing (weapon)
Missiles
 h - 595 stones (quivered)
 n - 5 throwing nets {=f}
 F - 155 sling bullets
Armour
 O - the +1 robe of the Great Game {rF+ rC+ SInv}

   It protects you from fire.
   It protects you from cold.
   It lets you see invisible.
 P - a +1 pair of gloves of dexterity (melded)
 Q - a +2 cloak (melded)
 W - a +1 pearl dragon armour (melded)
Jewellery
 i - a +2 ring of slaying (left branch)
 s - the ring of the Jester (right branch) {Wiz rPois rN++}

   [ring of wizardry]

   It improves your spell success rate.
   It protects you from poison.
   It greatly protects you from negative energy.
 v - an uncursed amulet of resist mutation
 A - an uncursed ring of positive energy
 B - an uncursed amulet of clarity
 M - a +3 ring of evasion
 R - an uncursed ring of magical power
 V - an uncursed amulet of stasis
 X - the amulet of Creativity (around neck) {Ward *Corrode rC+ rN+ Int+3 Dex+4, !a}

   [amulet of warding]

   It may prevent the melee attacks of summoned creatures.
   It affects your intelligence (+3).
   It affects your dexterity (+4).
   It protects you from cold.
   It protects you from negative energy.
   It may corrode your equipment when you take damage.
Wands
 g - a wand of digging (9)
 j - a wand of fire (15)
 S - a wand of cold (9)
 T - a wand of disintegration (4)
Scrolls
 d - 2 scrolls of blinking
 l - 6 scrolls of teleportation {@r4}
 m - 4 scrolls of amnesia
 t - 2 scrolls of recharging
 u - 6 scrolls of enchant weapon
 G - 2 scrolls of fear
 H - 2 scrolls of magic mapping
 Z - 8 scrolls of remove curse
Potions
 e - 16 potions of curing {@q1}
 f - 2 potions of cancellation
 k - 4 potions of flight
 o - 4 potions of brilliance
 p - 5 potions of might
 q - 8 potions of heal wounds {@q2}
 x - a potion of lignification {!q}
 C - a potion of agility {unknown}
 D - a potion of invisibility
 E - 5 potions of haste {@q3}
 I - 2 potions of resistance
 J - 3 potions of magic
 K - 3 potions of berserk rage {!q}
 Y - 2 potions of cure mutation
Books
 y - a book of Beasts

   Spells                             Type                      Level
   a - Summon Butterflies             Summoning                    1
   b - Call Canine Familiar           Summoning                    3
   c - Summon Ice Beast               Ice/Summoning                4
   d - Summon Mana Viper              Hexes/Summoning              5
   e - Summon Hydra                   Summoning                    7
 z - Sif Muna's Volume of the Ghastly Snowflakes

   Spells                             Type                      Level
   a - Corpse Rot                     Necromancy                   2
   b - Condensation Shield            Ice                          4
   c - Ozocubu's Refrigeration        Ice                          6
   d - Borgnjor's Revivification      Necromancy                   8
 L - a book of Frost

   Spells                             Type                      Level
   a - Freeze                         Ice                          1
   b - Throw Frost                    Conjuration/Ice              2
   c - Ozocubu's Armour               Charms/Ice                   3
   d - Throw Icicle                   Conjuration/Ice              4
   e - Summon Ice Beast               Ice/Summoning                4
   f - Condensation Shield            Ice                          4
 N - a book of Unlife

   Spells                             Type                      Level
   a - Recall                         Summoning/Translocation      3
   b - Animate Dead                   Necromancy                   4
   c - Control Undead                 Necromancy                   4
   d - Cigotuvi's Embrace             Necromancy                   5
   e - Death Channel                  Necromancy                   6
   f - Simulacrum                     Ice/Necromancy               6
 U - a book of Fire

   Spells                             Type                      Level
   a - Ignite Poison                  Fire/Transmutation/Poison    3
   b - Fireball                       Conjuration/Fire             5
   c - Bolt of Fire                   Conjuration/Fire             6
   d - Delayed Fireball               Conjuration/Fire             7
   e - Ring of Flames                 Charms/Fire                  7
Miscellaneous
 w - a legendary deck of summoning
Comestibles
 c - 9 bread rations
 r - 3 meat rations

Dungeon Overview and Level Annotations

Branches:
Dungeon (11/15)            Temple (1/1) D:5            Lair (8/8) D:11
 Shoals (0/4) Lair:3       Spider (2/4) Lair:3        Slime (0/6) Lair:7
    Orc (0/4) D:10

Altars:
Ashenzari
Cheibriados
Dithmenos
Elyvilon
Fedhas
Gozag
Kikubaaqudgha
Makhleb
Nemelex Xobeh
Okawaru
Qazlal
Ru
Sif Muna
Trog
Vehumet
Xom
Yredelemnul
Zin
The Shining One
Jiyva

Shops:
D:9 ![([*

Annotations:
D:3 dohliylev's ghost, amateur TrWr
D:8 exclusion: obsidian statue
Lair:5 exclusion: oklob plant

▒▒ ▒▒. ▒▒▒▒
▒▒..▒▒▒▒▒▒s.▒▒
▒.......5.▒▒{▒
▒.......▒▒▒p▒▒
▒.^▒▒▒...▒ ▒♣▒
▒▒▒▒▒▒▒▒.▒.▒▒▒Y▒
▒▒▒....▒▒.▒▒.▒▒.†▒
▒......▒▒.▒▒▒.▒..▒
.........▒▒ ▒▒..▒
.........▒▒ ▒.▒.▒
..........▒ ▒▒.▒▒
...<......▒▒▒▒▒..▒
..†.............▒▒


You could see an entropy weaver, a friendly ice beast and a friendly lightning
spire.


Message History

You feel sick.
The entropy weaver begins to chant a word of entropy!
You slash the entropy weaver! You freeze the entropy weaver.
The entropy weaver is moderately wounded.
You feel sick.
You hit the entropy weaver but do no damage.
The entropy weaver is moderately wounded.
Your transformation is almost over.
You feel sick.
You hit the entropy weaver but do no damage.
The entropy weaver is moderately wounded.
You feel sick.
You hit the entropy weaver. You freeze the entropy weaver.
The entropy weaver is heavily wounded.
You feel sick.
The entropy weaver screams the final syllables of the word of entropy!
The word of entropy corrodes you!
Unknown command.
You barely miss the entropy weaver.
The entropy weaver is heavily wounded.
You feel sick.
Unknown command.
You hit the entropy weaver but do no damage.
The entropy weaver is heavily wounded.
You feel sick. The entropy weaver hits you!
* * * LOW HITPOINT WARNING * * *
The entropy weaver hits you!
* * * LOW HITPOINT WARNING * * *
The entropy weaver hits you!
You die...

Action                   |  1- 3 |  4- 6 |  7- 9 | 10-12 | 13-15 || total
-------------------------+-------+-------+-------+-------+-------++-------
Melee: Spear             |       |    18 |   161 |       |       ||   179
       Trident           |       |       |    66 |    73 |       ||   139
       Halberd           |       |       |       |   496 |   737 ||  1233
 Fire: Hunting sling     |    16 |    81 |    36 |    30 |     6 ||   169
 Cast: Summon Small Mamm |    32 |       |       |       |     1 ||    33
       Call Imp          |    27 |    31 |    36 |     1 |     2 ||    97
       Call Canine Famil |     1 |     8 |    51 |     9 |       ||    69
       Summon Lightning  |       |       |    20 |    74 |    59 ||   153
       Summon Ice Beast  |       |       |     5 |    43 |    71 ||   119
       Ozocubu's Armour  |       |       |       |     5 |     6 ||    11
       Summon Guardian G |       |       |       |     3 |    10 ||    13
       Condensation Shie |       |       |       |       |     5 ||     5
Invok: Channel Energy    |       |       |       |       |     1 ||     1
  Use: Scroll            |       |    14 |     7 |    17 |     9 ||    47
       Potion            |       |       |     1 |     1 |     2 ||     4
 Stab: Sleeping          |       |       |     4 |    16 |     9 ||    29
       Distracted        |       |       |     3 |    14 |    26 ||    43
  Eat: Chunk             |     4 |    11 |    22 |    30 |    37 ||   104
       Beef jerky        |     1 |     1 |       |       |       ||     2
       Pizza             |     1 |       |       |       |       ||     1
       Fruit             |       |       |     4 |       |       ||     4
       Royal jelly       |       |       |     1 |     3 |       ||     4
       Meat ration       |       |       |       |     4 |     4 ||     8

Vault maps used:
D:1:      ldierk_walled_garden_2
D:2:      lemuel_coloured_pillars_altar, uniq_terence
D:3:      nicolae_ru_the_path_less_chosen, zin_scriptorium, patterned_corridor
D:4:      kennysheep_little_box, first_bread
D:5:      overflow_temple_1_default, lemuel_doored_altar,
          minmay_temple_entry_water_ring
D:6:      black_bear_nest_2, overflow_temple_1_default,
          nicolae_dithmenos_shadow_blocks, nemelex_xobeh_ov_fountains_minmay,
          hangedman_abyss_or_decor_passed
D:7:      okawaru_metal_pillars_1_2, uniq_duvessa
D:8:      minmay_statue_hallways
D:9:      lemuel_flame_loot_2, serial_shops, nicolae_shop_trees, shop_fountains,
          shop, kennysheep_mini_moat, shop
D:10:     hiddenorc1_lemuel
D:11:     erik_lair_dragon, portal_ice_cave_entry_imps, uniq_harold
Temple:   dpeg_three_leaves_temple_9
Lair:1:   grunt_forest_stairs_basic, serial_bayou_shore_b
Lair:2:   uniq_sonja, uniq_gastronok
Lair:3:   elwin_shoals_entry_rocks, spider_nest_entry_rubble, grunt_megastairs_4
Lair:5:   grunt_megastairs_2
Lair:6:   infiniplex_staircase_pool_2
Lair:7:   slime_altar_1, minivault_23, cheibrodos_lair_caveside_slide,
          minivault_19, st_stairs_6, infiniplex_staircase_pool
Lair:8:   guppyfry_lair_end_dragon, wormcave, basic_altar, lemuel_old_faithful
IceCv:    ice_cave_small_demon

Notes
Turn   | Place    | Note
--------------------------------------------------------------
     0 | D:1      | ventricule the Demonspawn Summoner began the quest for the Orb.
     0 | D:1      | Reached XP level 1. HP: 13/13 MP: 3/3
   375 | D:1      | Gained mutation: You are partially covered in rugged brown scales (AC +1, +3% HP). [demonic ancestry]
   375 | D:1      | Reached XP level 2. HP: 13/19 MP: 0/5
   379 | D:1      | Learned a level 2 spell: Call Imp
  1256 | D:2      | Reached skill level 1 in Slings
  1424 | D:2      | Gained mutation: You are partially covered in sharp spines. [demonic ancestry]
  1424 | D:2      | Reached XP level 3. HP: 22/24 MP: 3/6
  1459 | D:2      | Learned a level 3 spell: Call Canine Familiar
  1607 | D:2      | Noticed Terence
  1626 | D:2      | Killed Terence
  1626 | D:2      | Reached skill level 2 in Slings
  1944 | D:2      | Found an opulent altar of Gozag.
  2369 | D:3      | Found a sacrificial altar of Ru.
  2392 | D:3      | Noticed dohliylev's ghost (amateur TrWr)
  2733 | D:3      | Reached XP level 4. HP: 30/30 MP: 1/7
  3207 | D:3      | Found a glowing silver altar of Zin.
  3761 | D:4      | Reached skill level 5 in Summonings
  3848 | D:4      | Gained mutation: You have a pair of small horns on your head. [demonic ancestry]
  3848 | D:4      | Reached XP level 5. HP: 36/36 MP: 2/8
  4180 | D:4      | Reached skill level 3 in Slings
  4443 | D:4      | Found an ancient bone altar of Kikubaaqudgha.
  4673 | D:5      | Entered Level 5 of the Dungeon
  4715 | D:5      | Reached XP level 6. HP: 42/42 MP: 9/9
  4752 | D:5      | Found a stormy altar of Qazlal.
  4803 | D:5      | Noticed a phantom
  4830 | D:5      | Killed a phantom
  5008 | D:5      | Noticed a water moccasin
  5015 | D:5      | Killed a water moccasin
  5015 | D:5      | Reached skill level 4 in Slings
  5015 | D:5      | Reached skill level 6 in Summonings
  5321 | D:5      | Found a staircase to the Ecumenical Temple.
  5404 | Temple   | Entered the Ecumenical Temple
  5498 | Temple   | Became a worshipper of Sif Muna the Loreminder
  5735 | D:5      | Reached XP level 7. HP: 47/47 MP: 5/11
  5745 | D:5      | Learned a level 4 spell: Summon Lightning Spire
  5801 | D:5      | Found a shattered altar of Ashenzari.
  5915 | D:5      | Noticed a sky beast
  5937 | D:5      | Killed a sky beast
  5937 | D:5      | Reached skill level 3 in Spellcasting
  5937 | D:5      | Reached skill level 1 in Air Magic
  6370 | D:6      | Noticed a wraith
  6387 | D:6      | Killed a wraith
  6499 | D:6      | Reached skill level 2 in Air Magic
  6552 | D:6      | Found a shimmering altar of Xom.
  6588 | D:6      | Found a sparkling altar of Nemelex Xobeh.
  6637 | D:6      | Reached skill level 4 in Spellcasting
  6832 | D:6      | Reached * piety under Sif Muna
  6872 | D:6      | Reached skill level 3 in Air Magic
  6968 | D:6      | Reached XP level 8. HP: 43/53 MP: 5/14
  7359 | D:6      | Reached skill level 5 in Spellcasting
  7363 | D:6      | Reached skill level 4 in Air Magic
  7371 | D:6      | Learned a level 4 spell: Summon Ice Beast
  7873 | D:6      | Found a shadowy altar of Dithmenos.
  8008 | D:6      | Reached ** piety under Sif Muna
  8579 | D:7      | Reached skill level 6 in Spellcasting
  8579 | D:7      | Reached skill level 5 in Air Magic
  8693 | D:7      | Reached skill level 1 in Ice Magic
  9012 | D:7      | Reached skill level 2 in Ice Magic
  9177 | D:7      | Noticed Dowan
  9191 | D:7      | Gained mutation: You have a pair of horns on your head. [demonic ancestry]
  9191 | D:7      | Reached XP level 9. HP: 56/58 MP: 18/18
  9268 | D:7      | Reached skill level 7 in Summonings
  9645 | D:7      | Noticed dohliylev's ghost (amateur VSAs)
  9652 | D:7      | Killed dohliylev's ghost
  9652 | D:7      | Reached *** piety under Sif Muna
  9652 | D:7      | Reached skill level 3 in Ice Magic
  9685 | D:7      | Noticed Duvessa
  9692 | D:7      | Killed Duvessa
  9712 | D:7      | Killed Dowan
  9780 | D:7      | Found an iron altar of Okawaru.
 10260 | D:8      | Noticed gorblad's ghost (novice DsAs)
 10316 | D:8      | Killed gorblad's ghost
 10316 | D:8      | Reached skill level 8 in Summonings
 10316 | D:8      | Reached skill level 4 in Ice Magic
 10621 | D:8      | Noticed an obsidian statue
 10675 | D:8      | Reached skill level 2 in Dodging
 10697 | D:8      | Reached skill level 1 in Fighting
 10743 | D:8      | Reached skill level 1 in Polearms
 11113 | D:8      | Reached skill level 2 in Fighting
 11192 | D:8      | Learned a level 3 spell: Ozocubu's Armour
 11403 | D:8      | Reached skill level 2 in Polearms
 11455 | D:8      | Reached skill level 3 in Dodging
 11618 | D:8      | Noticed a smoke demon
 11618 | D:8      | Noticed a hellwing
 11965 | D:8      | Noticed a sixfirhy
 11965 | D:8      | Noticed a hellwing
 12077 | D:9      | Noticed a hill giant
 12079 | D:9      | Noticed Nicoed's ghost (novice DrTm)
 12157 | D:9      | Killed Nicoed's ghost
 12157 | D:9      | Reached skill level 3 in Fighting
 12157 | D:9      | Reached skill level 3 in Polearms
 12157 | D:9      | Gained mutation: You are mostly covered in sharp spines. [demonic ancestry]
 12157 | D:9      | Reached XP level 10. HP: 46/72 MP: 5/19
 12305 | D:9      | Found Qusic's Weapon Emporium.
 12818 | D:9      | Found Deqeneuni's Antique Armour Boutique.
 12831 | D:9      | Bought a thick robe for 119 gold pieces
 12841 | D:9      | Identified the cursed +1 robe of the Great Game {rF+ rC+ SInv} (You bought it in a shop on level 9 of the Dungeon)
 12841 | D:9      | Bought a pair of glowing gloves for 94 gold pieces
 12846 | D:9      | Bought a glowing cloak for 94 gold pieces
 12897 | D:9      | Reached skill level 4 in Dodging
 12913 | D:9      | Killed a hill giant
 12928 | D:9      | Found Plog's Antique Armour Shoppe.
 12961 | D:9      | Reached skill level 4 in Fighting
 13138 | D:9      | Learned a level 3 spell: Summon Guardian Golem
 13252 | D:9      | Found Fapiq's General Store.
 13260 | D:9      | Bought a scroll of identify for 28 gold pieces
 13397 | D:9      | Reached skill level 4 in Polearms
 13529 | D:9      | Found Nippos's Distillery.
 13913 | D:10     | Entered Level 10 of the Dungeon
 14072 | D:10     | Reached skill level 5 in Dodging
 14079 | D:10     | Reached skill level 5 in Polearms
 14260 | D:10     | Noticed a white ugly thing
 14292 | D:10     | Killed a white ugly thing
 14292 | D:10     | Reached skill level 6 in Polearms
 14564 | D:10     | Found a staircase to the Orcish Mines.
 14745 | D:10     | Noticed a brown ugly thing
 14774 | D:10     | Killed a brown ugly thing
 14774 | D:10     | Reached skill level 7 in Polearms
 14774 | D:10     | Reached XP level 11. HP: 67/80 MP: 0/20
 14962 | D:10     | Noticed a hill giant
 14978 | D:10     | Killed a hill giant
 15443 | D:11     | Found a frozen archway.
 15492 | IceCv    | Entered an ice cave
 16125 | IceCv    | Reached skill level 8 in Polearms
 16333 | IceCv    | Killed HEYYEYAAE's ghost
 16774 | IceCv    | Noticed an ice devil
 16795 | IceCv    | Killed an ice devil
 16894 | IceCv    | Reached skill level 9 in Polearms
 16981 | IceCv    | Noticed an ice devil
 17236 | IceCv    | Killed an ice devil
 17379 | IceCv    | Got a translucent sapphire amulet
 17381 | IceCv    | Identified the amulet of Creativity {Ward *Corrode rC+ rN+ Int+3 Dex+4} (You found it in an ice cave)
 17792 | D:11     | Noticed Harold
 17825 | D:11     | Killed Harold
 17825 | D:11     | Reached skill level 10 in Polearms
 18287 | D:11     | Found a staircase to the Lair.
 18640 | D:11     | Noticed a hill giant
 18666 | D:11     | Killed a hill giant
 18670 | D:11     | Reached skill level 11 in Polearms
 18874 | D:11     | Noticed a six-headed hydra
 18900 | D:11     | Killed a six-headed hydra
 19098 | Lair:1   | Entered Level 1 of the Lair of Beasts
 19364 | Lair:1   | Gained mutation: You have a pair of large horns on your head. [demonic ancestry]
 19364 | Lair:1   | Reached XP level 12. HP: 87/87 MP: 12/21
 19607 | Lair:1   | Reached skill level 12 in Polearms
 20121 | Lair:2   | Noticed Sonja
 20130 | Lair:2   | Killed Sonja
 20133 | Lair:2   | Noticed Gastronok
 20820 | Lair:2   | Killed Gastronok
 20820 | Lair:2   | Reached skill level 13 in Polearms
 21717 | Lair:3   | Found a staircase to the Shoals.
 21812 | Lair:3   | Found a hole to the Spider Nest.
 22291 | Lair:4   | Reached skill level 14 in Polearms
 22713 | Lair:4   | Noticed an eight-headed hydra
 22721 | Lair:4   | Killed an eight-headed hydra
 23087 | Lair:4   | Reached XP level 13. HP: 92/92 MP: 22/22
 23505 | Lair:5   | Got a transparent leather armour
 23516 | Lair:5   | Identified the cursed +0 leather armour of Grace {SInv} (You found it on level 5 of the Lair of Beasts)
 23541 | Lair:5   | Got an ichor-stained leather armour
 23552 | Lair:5   | Identified the cursed +0 leather armour "Itwoisin" {rF- Int+6 Dex+4} (You found it on level 5 of the Lair of Beasts)
 24521 | Lair:6   | Reached skill level 15 in Polearms
 26101 | Lair:6   | Reached skill level 16 in Polearms
 26375 | Lair:6   | Reached skill level 1 in Invocations
 27208 | Lair:7   | Found a viscous altar of Jiyva.
 27208 | Lair:7   | Found a staircase to the Slime Pits.
 27238 | Lair:6   | Reached skill level 2 in Invocations
 27586 | Lair:7   | Reached skill level 5 in Ice Magic
 27873 | Lair:7   | Reached skill level 3 in Invocations
 28066 | Lair:7   | Reached **** piety under Sif Muna
 28445 | Lair:7   | Got a fine ivory ring
 28447 | Lair:7   | Identified the ring of the Jester {Wiz rPois rN++} (You found it on level 7 of the Lair of Beasts)
 28844 | Lair:6   | Reached skill level 7 in Spellcasting
 28849 | Lair:6   | Gained mutation: You are mostly covered in rugged brown scales (AC +2, +5% HP). [demonic ancestry]
 28849 | Lair:6   | Reached XP level 14. HP: 61/100 MP: 12/24
 28908 | Lair:6   | Reached skill level 9 in Summonings
 29119 | Lair:7   | Learned a level 4 spell: Condensation Shield
 29274 | Lair:7   | Reached skill level 4 in Invocations
 29723 | Lair:8   | Entered Level 8 of the Lair of Beasts
 29751 | Lair:8   | Reached ***** piety under Sif Muna
 29875 | Lair:8   | Reached skill level 5 in Invocations
 29878 | Lair:8   | Reached skill level 6 in Ice Magic
 30037 | Lair:8   | Found a deep blue altar of Sif Muna.
 30073 | Lair:8   | Reached skill level 5 in Fighting
 30625 | Lair:8   | Reached skill level 6 in Invocations
 31373 | Lair:8   | Identified a +0 pearl dragon armour (You found it on level 8 of the Lair of Beasts)
 31666 | Lair:8   | Found a runed door.
 31739 | Lair:8   | Reached skill level 1 in Armour
 32172 | Lair:8   | Reached skill level 10 in Summonings
 32384 | Lair:8   | Learned a level 1 spell: Summon Butterflies
 32659 | Lair:6   | Reached skill level 1 in Hexes
 33040 | D:9      | Bought a potion of curing for 36 gold pieces
 33040 | D:9      | Bought a potion of magic for 96 gold pieces
 33040 | D:9      | Bought a potion of curing for 36 gold pieces
 33040 | D:9      | Bought a potion of heal wounds for 60 gold pieces
 33102 | D:9      | Bought a glowing cloak for 94 gold pieces
 33205 | D:9      | Bought a potion of curing for 42 gold pieces
 33437 | Spider:1 | Entered Level 1 of the Spider Nest
 33608 | Spider:2 | Reached skill level 7 in Ice Magic
 33618 | Spider:2 | Noticed an emperor scorpion
 33618 | Spider:2 | Reached skill level 2 in Armour
 33989 | Spider:1 | Killed an emperor scorpion
 33989 | Spider:1 | Reached ****** piety under Sif Muna
 33989 | Spider:1 | Received a gift from Sif Muna
 33992 | Spider:1 | Identified Sif Muna's Volume of the Ghastly Snowflakes (Sif Muna gifted it to you on level 1 of the Spider Nest)
 34239 | Spider:2 | Noticed a ghost moth
 34541 | Spider:1 | Reached skill level 2 in Hexes
 34683 | Spider:1 | HP: 12/153 [entropy weaver (13)]
 34683 | Spider:1 | Slain by an entropy weaver

Vanquished Creatures
  An emperor scorpion (Spider:1)
  A fire dragon (Lair:8)
  An ice dragon (Lair:8)
  Harold (D:11)
  3 death yaks
  An ice devil (IceCv)
  A hill giant (D:11)
  2 fire crabs
  2 griffons
  A lindwurm (Lair:8)
  A wolf spider (Spider:1)
  A cyclops (D:11)
  5 black mambas
  23 elephants
  7 torpor snails
  An ice statue (IceCv)
  21 spiny frogs
  2 demonic crawlers
  7 komodo dragons
  2 trolls
  5 fire drakes
  2 polar bears
  A giant leech (Lair:8)
  3 jumping spiders
  3 blue devils (IceCv)
  A boulder beetle (Lair:7)
  14 blink frogs
  34 yaks
  A wraith (D:11)
  5 redbacks
  A tarantella (Spider:1)
  6 hippogriffs
  A steam dragon (D:11)
  2 hungry ghosts
  A soldier ant (D:10)
  10 wolves
  10 water moccasins
  4 swamp drakes
  Duvessa (D:7)
  25 porcupines
  3 orc warriors
  2 sky beasts
  A phantom (D:5)
  A necrophage (D:10)
  2 eyes of draining (D:11)
  6 spiders
  2 ice beasts (D:7)
  4 wasps
  3 ogres
  2 brain worms (Lair:8)
  24 crocodiles
  19 giant frogs
  5 centaurs
  A wyvern skeleton (D:6)
  5 scorpions
  5 killer bees (D:6)
  3 wights (D:10)
  4 crimson imps
  An electric eel (Lair:7)
  A giant frog zombie (D:5)
  2 centaur zombies
  3 jellies
  An orc priest (D:9)
  8 orc wizards
  3 centaur skeletons
  Terence (D:2)
  29 sheep
  A hound (D:8)
  5 worker ants
  12 iguanas
  2 hound zombies
  2 worker ant zombies
  5 adders
  46 river rats
  3 white imps
  4 ufetubi (IceCv)
  An adder zombie (D:9)
  An adder skeleton (D:5)
  10 worms
  4 giant geckos
  32 orcs
  A goblin (D:2)
  A hobgoblin (D:3)
  13 jackals
  A kobold (D:3)
  3 quokkas
  A ball python (D:2)
  2 bats
  2 giant cockroaches
  4 giant newts
  2 rats
  A fungus (Lair:8)
  A plant (Lair:6)
515 creatures vanquished.

Vanquished Creatures (collateral kills)
  Gastronok (Lair:2)
  5 hydras
  4 death yaks
  The ghost of Nicoed the Transmogrifier, a novice DrTm of Makhleb (D:9)
  Sonja (Lair:2)
  An ice devil (IceCv)
  The ghost of gorblad the Skirmisher, a novice DsAs (D:8)
  A hill giant (D:10)
  A lindwurm (Lair:8)
  2 ugly things (D:10)
  An orb spider (Spider:2)
  A spiny frog (Lair:1)
  4 elephants
  An ice statue (IceCv)
  A komodo dragon (Lair:8)
  2 trolls
  A two-headed ogre (D:8)
  A giant leech (Lair:8)
  A jumping spider (Spider:2)
  2 blue devils (IceCv)
  9 blink frogs
  A redback (Spider:1)
  The ghost of dohliylev the Covert, an amateur VSAs of Dithmenos (D:7)
  A steam dragon (Lair:8)
  A hungry ghost (D:9)
  A shadow (D:11)
  2 hippogriffs
  A wraith (D:6)
  19 yaks
  2 mottled dragons
  6 wolves
  2 water moccasins
  3 sky beasts
  3 spiders (Spider:2)
  2 black bears
  An orc warrior (D:9)
  A wasp (D:7)
  An ice beast (D:8)
  2 phantoms (D:7)
  7 ogres
  3 crocodiles
  2 brain worms (Lair:8)
  Dowan (D:7)
  3 giant frogs
  A killer bee (D:6)
  A scorpion (D:6)
  7 wights (D:10)
  2 crimson imps
  A giant frog zombie (D:8)
  2 hounds
  A jelly (D:7)
  5 iguanas
  5 orc wizards
  4 worker ants
  4 sheep
  8 river rats
  2 adders (D:2)
  17 white imps
  8 worms (Lair:8)
  26 orcs
  3 bats (D:1)
  A giant cockroach (D:2)
  8 goblins
  5 hobgoblins
  A quokka (D:8)
  A ball python (D:2)
  A giant gecko (D:1)
  4 giant newts
  A jackal (D:6)
  A jackal skeleton (D:4)
  10 kobolds
  A quokka zombie (D:6)
  4 rats
  A fungus (Lair:8)
  2 plants (Lair:7)
246 creatures vanquished.

Vanquished Creatures (others)
  A death yak (Lair:8)
  The ghost of HEYYEYAAE the Transmogrifier, a journeyman SpTm (IceCv)
  A hill giant (D:9)
  A demonic crawler (Spider:2)
  3 white imps (IceCv)
  2 ufetubi (IceCv)
  36 fungi
  18 plants
  4 toadstools (D:1)
67 creatures vanquished.

Grand Total: 828 creatures vanquished
